AoeStats
← flynorc

Four Lakes

508008445Analyzed
1v1 RM · 11d ago on Sep 20, 2026· 33m 12s· 2 players
Game mode
Random Map
Map size
Tiny (2 player)
Population
200
Speed
Normal
Resources
Standard
Victory
Conquest
Starting age
Dark Age
Ending age
Imperial Age
RankedLock teamsTeams togetherTeam positionsShared explorationLock speedFull tech treeHidden civsTurbo modeCheats
Victory
Defeat
🇨🇳 Armenians · China
1605
+14
🇦🇹 Italians · Austria
1568
-14
flynorc
7:10 Loom
7:32 Loom
10:57 Feudal Age
15:41 Fletching
21:35 Castle Age
19:42 Gold Mining
19:37 Double-Bit Axe
20:38 Padded Archer Armor
20:55 Forging
22:18 Bodkin Arrow
21:45 Crossbowman
24:26 Fishing Lines
25:50 Bow Saw
25:22 Horse Collar
26:39 Wheelbarrow
31:54 Imperial Age
33:07 Ballistics
kuzel
5:59 Loom
8:58 Feudal Age
9:02 Man-at-Arms
15:56 Fletching
16:50 Padded Archer Armor
20:46 Wheelbarrow
25:16 Castle Age
23:34 Double-Bit Axe
23:58 Horse Collar
25:04 Gold Mining
25:17 Crossbowman
25:58 Bodkin Arrow
26:35 Bow Saw
29:19 Leather Archer Armor
32:59 Ballistics
32:28 Town Watch
Connection lost

Rejoining the realm…

Still unreachable

The connection could not be restored.

Session expired

The server has moved on; the page needs a fresh start.